 Dungeon Crawl Stone Soup version 0.23.2-40-g277498a001 (webtiles) character file.

Game seed: 10915875397253899548

954 Descartes the Insei (level 8, -4/39 HPs)
             Began as a Vine Stalker Transmuter on Oct 1, 2019.
             Was a Believer of Wu Jian.
             Killed by divine providence
             ... invoked by an orc priest
              (8 damage)
             ... on level 6 of the Dungeon.
             The game lasted 00:24:20 (5146 turns).

Descartes the Insei (Vine Stalker Transmuter)       Turns: 5146, Time: 00:24:21

Health: -4/39      AC:  2    Str: 14    XL:     8   Next: 14%
Magic:  0/15       EV: 13    Int: 20    God:    Wu Jian [**....]
Gold:   309        SH:  0    Dex: 14    Spells: 2/16 levels left

rFire    + . .     SeeInvis +     - Unarmed
rCold    + . .     Gourm    +   (no shield)
rNeg     . . .     Faith    .   i - +0 leather armour
rPois    .         Spirit   +   h - +0 helmet
rElec    .         Reflect  .   o - scarf {rC+ rF+}
rCorr    .         Harm     .   c - +1 pair of gloves
MR       +....                  (no boots)
Stlth    ++........             q - amulet of the gourmand
HPRegen  0.53/turn              j - +5 ring of intelligence
MPRegen  0.14/turn              z - ring of see invisible

@: corroded
A: fangs 3, regeneration 1, evolution 1, magic shield, antimagic bite, no potion
heal 3, rot immunity, sturdy frame 1
a: Wall Jump, Renounce Religion


You were on level 6 of the Dungeon.
You worshipped Wu Jian.
Wu Jian was pleased with you.
You were very full.

You visited 1 branch of the dungeon, and saw 6 of its levels.

You collected 309 gold pieces.

Inventory:

Hand Weapons
 B - a +1 dagger of chaos
Missiles
 a - 28 arrows
 u - 28 poisoned needles
 y - 53 stones (quivered)
Armour
 b - a +0 robe
 c - a +1 pair of gloves (worn)
 h - a +0 helmet (worn)
 i - a +0 leather armour (worn)
 o - a scarf of resistance (worn)
 t - a +0 cloak
Jewellery
 j - a +5 ring of intelligence (left hand)
 q - an amulet of the gourmand (around neck)
 z - a ring of see invisible (right hand)
Wands
 p - a wand of enslavement (8)
Scrolls
 f - a scroll of teleportation
 g - 3 scrolls of remove curse
 l - 2 scrolls of enchant armour
 w - a scroll of enchant weapon
 x - a scroll of identify
Potions
 e - a potion of lignification
 k - a potion of might {unknown}
 m - 5 potions of brilliance
 n - 2 potions of haste
 r - 2 potions of mutation
 s - a potion of magic {unknown}
Comestibles
 d - 7 rations


   Skills:
 + Level 2.5 Fighting
 + Level 1.0 Armour
 + Level 2.8 Dodging
 + Level 3.3 Stealth
 * Level 4.9 Unarmed Combat
 * Level 4.5 Spellcasting
 + Level 2.2 Necromancy
 * Level 4.4 Transmutations


You had 2 spell levels left.
You knew the following spells:

 Your Spells              Type           Power        Failure   Level  Hunger
a - Beastly Appendage     Tmut           ###...       1%          1    None
b - Sticks to Snakes      Tmut           ###.....     3%          2    #......
c - Pain                  Necr           ##..         4%          1    None
d - Blade Hands           Tmut           ###.......   50%         5    ######.
e - Ice Form              Ice/Tmut       ##......     45%         4    ####...
f - Magic Dart            Conj           #...         13%         1    None

Your spell library contained the following spells:

 Spells                   Type           Power        Failure   Level  Hunger
 Blink                    Tloc           N/A          19%         2    #......
 Call Imp                 Summ           #.......     19%         2    #......
 Slow                     Hex            #.......     19%         2    #......
 Spider Form              Tmut/Pois      ##........   16%         3    ##.....
 Conjure Flame            Conj/Fire      #.......     36%         3    ##.....
 Mephitic Cloud           Conj/Pois/Air  #.......     36%         3    ##.....


Dungeon Overview and Level Annotations

Branches:
Dungeon (6/15)
 Temple: D:4-7

Altars:
Cheibriados
Hepliaklqana
Kikubaaqudgha
Makhleb
Qazlal
Sif Muna
Trog
Uskayaw
Vehumet
Wu Jian
Xom

Annotations:
D:6 Dowan, Duvessa


Innate Abilities, Weirdness & Mutations

You have razor-sharp teeth.
Your natural rate of healing is unusually fast.
When hurt, damage is shared between your health and your magic reserves.
Your bite disrupts and absorbs the magic of your enemies.
Potions cannot restore your health.
You are immune to rotting.
You evolve.
Your movements are slightly less encumbered by armour. (ER -2)


Message History

The orc warrior is lightly wounded.
The centaur unwields a +0 rapier.
The centaur wields a +0 shortbow.
The centaur shoots an arrow.
The arrow hits you.
* * * LOW HITPOINT WARNING * * *
You see here an arrow.
An orc and an orc warrior come into view.
Your surroundings suddenly seem different.
Dowan, Brother of Duvessa comes into view.
He is wielding a +0 long sword and carrying a wand of flame (18).
Dowan shouts!
An orc priest comes into view. It is wielding a +0 club.
The orc priest shouts!
You hear a shout!
An orc comes into view. It is wielding a +0 whip.
Dowan zaps a wand.
The puff of flame hits you. You resist.
* * * LOW HITPOINT WARNING * * *
An orc priest comes into view. It is wielding a +0 mace.
The orc warrior moves out of view.
The orc moves out of view.
Found a stone staircase leading down.
The orc priest calls down the wrath of Beogh upon you.
Beogh smites you!
You die...

... ...#..#.......
...##..............
........##.........
.g........... .......
...#.....#..
##........###........#.
.....ยง..o...Z>........#
....o......##..........
#...o..........@.......
##.o.....o.o...........#
...e.......e.#..........
So<........#............
c.).....................
.Z..########............
....# #....<.......
....... ...$...........
####### ...............


You could see Dowan, 2 orc priests, a gnoll and a hound skeleton.

Vanquished Creatures
  A water moccasin (D:5)
  2 ogres
  A centaur (D:5)
  A scorpion (D:4)
  A howler monkey (D:4)
  A crimson imp (D:5)
  2 hounds
  3 orc wizards
  A bullfrog zombie (D:5)
  An iguana (D:4)
  2 worker ants (D:5)
  A hound zombie (D:5)
  A hound skeleton (D:4)
  A worker ant zombie (D:5)
  5 gnolls
  8 adders
  An adder skeleton (D:4)
  A worm (D:2)
  2 dart slugs
  4 leopard geckos
  22 orcs
  2 giant cockroaches (D:1)
  6 hobgoblins (D:1)
  2 jackals (D:5)
  3 kobolds (D:3)
  2 quokkas
  A ball python (D:5)
  5 bats
  8 frilled lizards
  9 goblins
  5 rats
105 creatures vanquished.

Vanquished Creatures (collateral kills)
  A hound zombie (D:5)
1 creature vanquished.

Grand Total: 106 creatures vanquished

Notes
Turn   | Place    | Note
-------+----------+-------------------------------------------
     0 | D:1      | Descartes the Vine Stalker Transmuter began the quest for
                  | the Orb.
     0 | D:1      | Reached XP level 1. HP: 9/9 MP: 4/4
    79 | D:1      | Reached skill level 1 in Fighting
   133 | D:1      | Reached XP level 2. HP: 9/14 MP: 6/6
  1331 | D:2      | Learned a level 2 spell: Sticks to Snakes
  1346 | D:2      | Reached XP level 3. HP: 18/18 MP: 7/7
  1580 | D:2      | Reached skill level 1 in Stealth
  1621 | D:2      | Found a deep blue altar of Sif Muna.
  1621 | D:2      | Found an ancient bone altar of Kikubaaqudgha.
  1631 | D:2      | Found a radiant altar of Vehumet.
  1634 | D:2      | Identified Kikubaaqudgha's Disquisition on Dark Arts
  1638 | D:2      | Learned a level 1 spell: Pain
  1752 | D:2      | Gained mutation: Your natural rate of healing is unusually
                  | fast. [Vine Stalker growth]
  1752 | D:2      | Reached XP level 4. HP: 11/22 MP: 4/9
  1886 | D:2      | Found a hide-covered altar of Uskayaw.
  1889 | D:2      | Found a hazy altar of Hepliaklqana.
  1895 | D:2      | Found an ornate altar of the Wu Jian Council.
  1899 | D:2      | Became a worshipper of the Wu Jian Council
  2270 | D:3      | Reached XP level 5. HP: 20/25 MP: 8/10
  2510 | D:3      | Reached * piety under Wu Jian
  2577 | D:3      | Found a stormy altar of Qazlal.
  3257 | D:4      | Noticed an ogre
  3278 | D:4      | Killed an ogre
  3278 | D:4      | Reached skill level 1 in Necromancy
  3278 | D:4      | Reached XP level 6. HP: 30/30 MP: 10/12
  3694 | D:4      | Learned a level 5 spell: Blade Hands
  3740 | D:4      | Reached XP level 7. HP: 31/35 MP: 13/13
  4172 | D:5      | Entered Level 5 of the Dungeon
  4172 | D:5      | Found a snail-covered altar of Cheibriados.
  4190 | D:5      | Gained mutation: You evolve. [potion of mutation]
  4190 | D:5      | Gained mutation: Your movements are slightly less
                  | encumbered by armour. (ER -2) [potion of mutation]
  4245 | D:5      | Found a hazy altar of Hepliaklqana.
  4592 | D:5      | Found a shimmering altar of Xom.
  4592 | D:5      | Found a burning altar of Makhleb.
  4655 | D:5      | Found a bloodstained altar of Trog.
  4773 | D:5      | Learned a level 4 spell: Ice Form
  4775 | D:5      | Learned a level 1 spell: Magic Dart
  4794 | D:5      | Reached ** piety under Wu Jian
  4949 | D:5      | Gained mutation: You have razor-sharp teeth. [Vine Stalker
                  | growth]
  4949 | D:5      | Reached XP level 8. HP: 8/39 MP: 6/15
  5035 | D:5      | Reached skill level 1 in Armour
  5138 | D:6      | Noticed Duvessa
  5145 | D:6      | Noticed Dowan
  5146 | D:6      | Killed from afar by an orc priest

Skill      XL: |  1  2  3  4  5  6  7  8 |
---------------+-------------------------+-----
Fighting       | 1 2 |  2.5
Dodging        | 2 |  2.8
Stealth        | 1 2 3 |  3.3
Spellcasting   | 3 4 |  4.5
Transmutations | 3 4 |  4.4
Necromancy     | 1 2 |  2.2
Unarmed Combat | 4 |  4.9
Armour         | 1 |  1.0

Action                   |  1- 3 |  4- 6 |  7- 9 || total
-------------------------+-------+-------+-------++-------
Melee: Unarmed           |   120 |   225 |   195 ||   540
       Bite              |    28 |    44 |    51 ||   123
       Punch             |       |     6 |     6 ||    12
       Kick              |       |     9 |       ||     9
 Cast: Beastly Appendage |     1 |     4 |       ||     5
       Sticks to Snakes  |       |       |     3 ||     3
Invok: Lunge             |       |    54 |    49 ||   103
       Whirlwind         |       |    82 |   102 ||   184
  Use: Scroll            |       |     8 |     3 ||    11
       Potion            |       |     4 |     1 ||     5
 Stab: Sleeping          |     3 |     2 |     4 ||     9
  Eat: Chunk             |    10 |    14 |     4 ||    28
Armor: Robe              |    26 |    34 |       ||    60
       Leather armour    |       |     5 |    49 ||    54
       Skin              |       |     2 |       ||     2
Dodge: Dodged            |    76 |   100 |   135 ||   311
